 Dungeon Crawl Stone Soup version 0.30-b1-2-g02819fbbbe (webtiles) character file.

Game seed: 7391544811777148936

167 MajorAdolf the Gusty (level 5, -1/49 HPs)
             Began as a Naga Wanderer on Aug 11, 2023.
             Slain by a gnoll
             ... wielding a +0 halberd
              (9 damage)
             ... on level 3 of the Dungeon.
             The game lasted 00:07:20 (3630 turns).

MajorAdolf the Gusty (Naga Wanderer)                Turns: 3630, Time: 00:07:21

Health: -1/49      AC:  6    Str: 13    XL:     5   Next: 48%
Magic:  6/6        EV: 10    Int: 12    God:
Gold:   113        SH:  0    Dex: 14    Spells: 6/6 levels left

rFire   . . .        n - +2 halberd (heavy)
rCold   . . .        (shield currently unavailable)
rNeg    . . .        c - +0 robe
rPois   +            m - +2 helmet
rElec   .            d - +0 cloak
rCorr   .            (no gloves)
SInv    +            (no barding)
Will    .....        j - amulet of magic regeneration
Stlth   +++          (no ring)
HPRegen 0.28/turn    (no ring)
MPRegen 0.50/turn

%: no passive effects
@: very slow
A: AC +1, large, see invisible, deformed body, poison resistance, slowness 2,
spit poison 1, naga tail 1
a: Spit Poison


You were on level 3 of the Dungeon.
You visited 1 branch of the dungeon, and saw 3 of its levels.

You collected 113 gold pieces.

Inventory:

Hand Weapons
 n - a +2 heavy halberd (weapon)
 s - a +0 hand axe
 u - a +4 dagger
Armour
 c - a +0 robe (worn)
 d - a +0 cloak (worn)
 m - a +2 helmet (worn)
Jewellery
 j - an amulet of magic regeneration (around neck)
 r - a ring of wizardry
Scrolls
 e - 2 scrolls of amnesia {unknown}
 g - a scroll of enchant armour {unknown}
 h - 6 scrolls of identify {unknown}
 i - 2 scrolls of summoning {unknown}
 k - a scroll of magic mapping {unknown}
 l - 2 scrolls of fear {unknown}
 o - a scroll of brand weapon {unknown}
 t - a scroll of teleportation {unknown}
Potions
 a - a potion of might {unknown}
 b - 2 potions of lignification
 f - 2 potions of attraction {unknown}
 p - a potion of degeneration {unknown}
 q - 2 potions of curing {unknown}


   Skills:
 + Level 3.2 Fighting
 + Level 1.8 Axes
 - Level 1.5 Dodging
 - Level 5.0 Stealth
 - Level 1.0 Spellcasting
 - Level 1.0 Ice Magic
 - Level 5.0 Air Magic


You had 6 spell levels left.
You didn't know any spells.
Your spell library contained the following spells:

 Spells                   Type           Power      Damage    Failure   Level
 Shock                    Conj/Air       24%        1d4       11%         1
 Static Discharge         Conj/Air       12%        2-3/arc   16%         2
 Freeze                   Ice            12%        1d3       21%         1
 Cigotuvi's Dreadful Rot  Necr/Pois/Air  8%         N/A       24%         2
 Vhi's Electric Charge    Tloc/Air       12%        N/A       32%         3
 Hailstorm                Conj/Ice       1%         3d3       58%         3
 Arcjolt                  Conj/Air       3%         1d13      96%         5
 Plasma Beam              Fire/Air       3%         2x1d14    100%        6
 Maxwell's Capacitive Co  Air            6%         ∞         100%        8


Dungeon Overview and Level Annotations

Branches:
Dungeon (3/15)

Altars:

Shops:
D:2 !

Annotations:
D:2 1 runed translucent door, Crazy Yiuf, Sigmund


Innate Abilities, Weirdness & Mutations

Your serpentine skin is tough. (AC +1)
You have supernaturally acute eyesight. (SInv)
Armour fits poorly on your strangely shaped body.
Your system is resistant to poisons. (rPois)
You cover ground very slowly.
You can spit poison.
You have a snake-like lower body.


Message History

The gnoll shouts!
A gnoll comes into view. It is wielding a +0 club.
A gnoll comes into view. It is wielding a +0 halberd.
The gnoll shouts!
You hit the gnoll.
The gnoll is lightly wounded.
The gnoll hits you but does no damage. The gnoll completely misses you.
You slice the gnoll!!
You kill the gnoll!
The gnoll hits you with a +0 flail.
You slash the gnoll!
You kill the gnoll!
The gnoll closely misses you. The gnoll misses you.
You slice the gnoll!!
You kill the gnoll!
The gnoll hits you from afar with a +0 halberd! x2
The gnoll closely misses you.
Aiming: Spit Poison (1% risk of failure)
Press: ? - help, Shift-Dir - straight line, f - gnoll
Aim: a gnoll, wielding a +0 halberd (65% to hit)
The splash of poison hits the gnoll.
The gnoll is poisoned.
The gnoll is moderately wounded.
The gnoll hits you from afar with a +0 halberd!
Unknown command.
You are too injured to fight recklessly!
You are too injured to fight recklessly!
You are too injured to fight recklessly!
The gnoll closely misses you.
Things that are here:
a +0 club; a +0 flail; a +0 club You hit the gnoll but do no damage.
The gnoll is moderately wounded.
The gnoll hits you with a +0 halberd!
* * * LOW HITPOINT WARNING * * *
The gnoll closely misses you.
You completely miss the gnoll.
The gnoll is heavily wounded.
You have got your breath back.
The gnoll hits you with a +0 halberd!
You die...

#.#.#.# #.#
#.# #.# #.#
#.# #.# #.#
#.# #.# #.#
#.# ..#
#.############
#.....@g......
##############


You could see a gnoll (poisoned).

Vanquished Creatures
  Robin (D:3)
  7 gnolls
  An adder (D:3)
  2 dart slugs
  7 orcs (D:3)
  10 bats
  5 endoplasms
  3 giant cockroaches
  4 goblins
  9 hobgoblins
  A quokka (D:1)
  6 ball pythons
  A frilled lizard (D:3)
  5 kobolds
  3 rats
65 creatures vanquished.

Notes
Turn   | Place    | Note
-------+----------+-------------------------------------------
     0 | D:1      | MajorAdolf the Naga Wanderer began the quest for the Orb.
     0 | D:1      | MajorAdolf set off with the following items: a +0 dagger, a
                  | potion of lignification, a +0 robe, a +0 cloak; and the
                  | following spells available to memorise: Shock, Static
                  | Discharge, Freeze, Cigotuvi's Dreadful Rot, Hailstorm.
     0 | D:1      | Reached XP level 1. HP: 15/15 MP: 2/2
   164 | D:1      | Found a faded altar of an unknown god.
   196 | D:1      | Reached XP level 2. HP: 22/22 MP: 3/3
   984 | D:2      | Reached XP level 3. HP: 28/28 MP: 4/4
  1009 | D:2      | Noticed Sigmund
  1074 | D:2      | Noticed Robin
  1243 | D:3      | Reached skill level 5 in Stealth
  1441 | D:3      | Killed Robin
  1442 | D:3      | Reached skill level 1 in Fighting
  1685 | D:2      | Reached XP level 4. HP: 32/39 MP: 5/5
  2013 | D:2      | Found Fojiub's Distillery.
  2498 | D:2      | Found a runed translucent door.
  2499 | D:2      | Noticed Crazy Yiuf
  2765 | D:3      | Reached skill level 1 in Axes
  2877 | D:3      | Reached XP level 5. HP: 48/48 MP: 6/6
  3630 | D:3      | Slain by a gnoll

Illustrated notes

Levels and vault maps discovered:
D:1:      matt_arrival_debris, layout_basic, basic_ecumenical_altar,
          hangedman_decor_peaks_small, roderic_cross_of_infinity
D:2:      layout_basic, serial_shops, nicolae_shop_trees, uniq_robin,
          uniq_sigmund, uniq_crazy_yiuf_cottage
D:3:      layout_basic, serial_glass, glass_columns_b, glass_columns_b,
          chequers_garden

Skill      XL: |  1  2  3  4  5 |
---------------+----------------+-----
Stealth        | 3 4 5 |  5.0
Fighting       | 1 2 3 |  3.2
Axes           | 1 |  1.8
Dodging        | |  1.5
Spellcasting   | |  1.0
Ice Magic      | |  1.0
Air Magic      | |  5.0

Action                     |  1- 3 |  4- 6 || total
---------------------------+-------+-------++-------
  Melee: Dagger            |    83 |       ||    83
         Halberd           |       |    54 ||    54
Ability: Spit Poison       |    38 |    11 ||    49
   Stab: Sleeping          |     1 |     9 ||    10
 Armour: Robe              |    66 |    27 ||    93
  Dodge: Dodged            |    93 |    35 ||   128
